 Dungeon Crawl Stone Soup version 0.14-a0-817-g3f7b0b1 (webtiles) character file.

2114 4tharraofdagon the Chopper (level 8, -2/69 HPs)
             Began as a Centaur Berserker on Nov 12, 2013.
             Was a Priest of Trog.
             Killed from afar by Erolcha (24 damage)
             ... with a bolt of lightning
             ... on Level 8 of the Dungeon.
             The game lasted 00:10:37 (1953 turns).

4tharraofdagon the Chopper (Centaur Berserker)      Turns: 1953, Time: 00:10:38

HP  -2/69        AC  9     Str 22      XL: 8   Next: 87%
MP   7/7         EV  5     Int  6      God: Trog [***...]
Gold 272         SH  0     Dex  9      Spells:  0 memorised,  7 levels left

Res.Fire  : . . .   See Invis. : .   a - +0 hand axe
Res.Cold  : . . .   Warding    : .   t - +0 chain mail
Life Prot.: . . .   Conserve   : .   (no shield)
Res.Poison: .       Res.Corr.  : .   (no helmet)
Res.Elec. : .       Clarity    : .   (no cloak)
Sust.Abil.: . .     Spirit.Shd : .   F - +0 pair of elf gauntlets
Res.Mut.  : .       Stasis     : .   (no barding)
Res.Rott. : .       Flight     : .   (no amulet)
Saprovore : . . .                    B - ring of flight
                                     e - ring of regeneration

@: regenerating, very quick, very resistant to hostile enchantments, extremely
unstealthy
A: hooves 3, deformed body, herbivore 1, speed 2, fast metabolism 1, tough skin
3
a: Burn Spellbooks, Berserk, Trog's Hand, Renounce Religion, Evoke Flight


You were on level 8 of the Dungeon.
You worshipped Trog.
Trog was most pleased with you.
You were hungry.

You visited 1 branch of the dungeon, and saw 8 of its levels.

You collected 272 gold pieces.

Inventory:

Hand weapons
 a - a +0,+0 hand axe (weapon)
 y - a +2,+2 spear of venom
Missiles
 C - 8 javelins (quivered)
 E - a throwing net
Armour
 b - a +0 animal skin
 k - a cursed +0 orcish scale mail
 l - a +0 pair of gauntlets
 n - a +2 robe of the Archmagi
 t - a +0 chain mail (worn)
 F - a +0 pair of elven gauntlets (worn)
Magical devices
 i - a wand of confusion (3)
Comestibles
 c - 3 bread rations
 z - a snozzcumber
Scrolls
 d - 4 scrolls of teleportation {unknown}
 h - 6 scrolls of identify {unknown}
 j - 2 scrolls of remove curse {unknown}
 m - a scroll of recharging {unknown}
 p - 2 scrolls of enchant weapon I {unknown}
 s - a scroll of immolation {unknown}
 w - 2 scrolls of fear {unknown}
 x - a scroll of curse armour {unknown}
 A - a scroll of amnesia {unknown}
 G - a scroll of enchant armour {unknown}
Jewellery
 e - a ring of regeneration (left hand)
 B - a ring of flight (right hand)
Potions
 f - a potion of curing
 g - a potion of brilliance {unknown}
 o - a potion of degeneration {unknown}
 q - a potion of restore abilities {unknown}
 u - a potion of magic {unknown}
 v - a potion of heal wounds {unknown}
Books
 r - a book of Cantrips

   Spells                             Type                      Level
   Confusing Touch                    Hexes                        1
   Animate Skeleton                   Necromancy                   1
   Summon Small Mammal                Summoning                    1
   Apportation                        Translocation                1
   Trog disapproves of the use of such an item.
 D - a book of Cantrips

   Spells                             Type                      Level
   Confusing Touch                    Hexes                        1
   Animate Skeleton                   Necromancy                   1
   Summon Small Mammal                Summoning                    1
   Apportation                        Translocation                1
   Trog disapproves of the use of such an item.


   Skills:
 + Level 6.3 Fighting
 * Level 7.9 Axes
 + Level 4.5 Armour
 - Level 1.3 Dodging
 + Level 1.6 Evocations


You had 7 spell levels left.
You didn't know any spells.

Dungeon Overview and Level Annotations

Branches:
Dungeon (8/27)             Temple (0/1) D:4
    Orc: D:6-11        Lair: D:8-13

Altars:

Shops:
D:7 (

Annotations:
D:5 Ijyb, Pikel, Prince Ribbit
D:8 Erolcha


Innate Abilities, Weirdness & Mutations

You have hooves in place of feet.
Armour fits poorly on your strangely shaped body.
You digest meat inefficiently.
You cover ground very quickly.
You have a fast metabolism.
You have extremely tough skin (AC +3).


Message History

You feel better. Erolcha hits you with a giant club! The adder bites you.
The adder bites you.
Unknown command.
Unknown command.
Use which ability? (? or * to list)
Your skin crawls.
You feel resistant to hostile enchantments.
You feel slightly more hungry. Erolcha hits you with a giant club!
The adder bites you but does no damage. Erolcha gestures at you while chanting.
The magic dart hits you!
* * * LOW HITPOINT WARNING * * *
Unknown command.
Unknown command.
Unknown command.
Erolcha casts a spell at you.
The bolt of lightning hits the adder.
The adder dies!
The bolt of lightning hits you!
You die...

+.........+
.........
....... .....
... ########'#
.........#
.#######O#####
.###..@%.....#
?......##...##.#
##..........#
#######...##
##.## #.# #.#
#.# ####.#####


You could see Erolcha.

Vanquished Creatures
  Edmund (D:5)
  Menkaure (D:7)
  A wolf (D:7)
  A phantom (D:6)
  2 ice beasts (D:7)
  A sky beast (D:7)
  A centaur (D:7)
  3 ogres
  3 giant frogs (D:6)
  2 gnoll sergeants (D:7)
  A giant frog zombie (D:7)
  A hound (D:7)
  2 orc priests
  A gnoll shaman (D:7)
  2 worker ants
  An orc wizard (D:4)
  2 iguanas
  4 adders
  15 gnolls (D:7)
  A worm (D:6)
  A giant eyeball (D:7)
  2 giant geckos
  14 orcs
  2 bats
  A giant cockroach (D:4)
  2 goblins
  3 hobgoblins
  3 jackals (D:7)
  5 kobolds
  2 quokkas
  2 giant newts
  3 kobold zombies
  An orc skeleton (D:6)
  3 rats
90 creatures vanquished.

Vanquished Creatures (others)
  An adder (D:8)
1 creature vanquished.

Grand Total: 91 creatures vanquished

Notes
Turn   | Place    | Note
--------------------------------------------------------------
     0 | D:1      | 4tharraofdagon, the Centaur Berserker, began the quest for the Orb.
     0 | D:1      | Reached XP level 1. HP: 19/19 MP: 0/0
   234 | D:4      | Noticed an ogre
   248 | D:4      | Killed an ogre
   248 | D:4      | Reached XP level 2. HP: 6/26 MP: 1/1
   248 | D:4      | Reached XP level 3. HP: 7/33 MP: 2/2
   248 | D:4      | Reached XP level 4. HP: 8/39 MP: 2/2
   329 | D:4      | Noticed an iguana
   329 | D:4      | Noticed an orc wizard
   331 | D:4      | Reached skill level 4 in Axes
   335 | D:4      | Killed an orc wizard
   339 | D:4      | Killed an iguana
   339 | D:4      | Reached XP level 5. HP: 46/46 MP: 3/3
   420 | D:3      | Noticed an orc priest
   425 | D:3      | Killed an orc priest
   476 | D:3      | Acquired Trog's second power
   485 | D:3      | You fall through a shaft!
   538 | D:4      | Found a staircase to the Ecumenical Temple.
   588 | D:5      | Entered Level 5 of the Dungeon
   588 | D:5      | Noticed Edmund
   602 | D:5      | Killed Edmund
   602 | D:5      | Reached skill level 5 in Axes
   602 | D:5      | Reached XP level 6. HP: 43/53 MP: 4/4
   726 | D:5      | Noticed an ogre
   738 | D:5      | Killed an ogre
   770 | D:5      | Noticed a slave
   771 | D:5      | Noticed Pikel
   774 | D:5      | Noticed a slave
   803 | D:5      | Noticed a slave
   804 | D:5      | Noticed a slave
   856 | D:5      | Noticed Ijyb
   874 | D:5      | Noticed an ice beast
   882 | D:5      | Noticed a sky beast
   883 | D:5      | Noticed Prince Ribbit
   953 | D:6      | Reached XP level 7. HP: 29/60 MP: 4/4
  1057 | D:6      | Reached skill level 5 in Fighting
  1057 | D:6      | Reached skill level 6 in Axes
  1172 | D:7      | Reached XP level 8. HP: 68/68 MP: 5/5
  1261 | D:7      | Reached skill level 7 in Axes
  1510 | D:7      | Reached skill level 1 in Evocations
  1637 | D:7      | Noticed Menkaure
  1649 | D:7      | Killed Menkaure
  1720 | D:7      | Found Ukhesit's Weapon Shoppe.
  1941 | D:8      | Noticed Erolcha
  1953 | D:8      | Killed from afar by Erolcha

Action                   |  1- 3 |  4- 6 |  7- 9 || total
-------------------------+-------+-------+-------++-------
Melee: Hand axe          |    14 |    84 |   168 ||   266
Throw: Javelin           |       |       |     2 ||     2
Invok: Berserk           |     1 |     4 |     6 ||    11
       Trog's Hand       |       |     1 |     6 ||     7
Evoke: Wand              |       |       |     1 ||     1
  Use: Potion            |       |       |     2 ||     2
